 Dungeon Crawl Stone Soup version 0.28-a0-628-g3c9886e45e (webtiles) character file.

Game seed: 1964457229950565839

221 SkeletonJelly the Sneak (level 5, -2/33 HPs)
             Began as a Tengu Delver on Oct 9, 2021.
             Killed from afar by a white imp (9 damage)
             ... with a puff of frost
             ... on level 3 of the Dungeon.
             The game lasted 00:04:57 (2463 turns).

SkeletonJelly the Sneak (Tengu Delver)              Turns: 2463, Time: 00:04:58

Health: -2/33      AC:  3    Str: 13    XL:     5   Next: 98%
Magic:  6/6        EV: 15    Int: 11    God:
Gold:   91         SH:  0    Dex: 21    Spells: 4/4 levels left

rFire   . . .      SeeInvis .   a - +0 falchion
rCold   . . .      Faith    .   (no shield)
rNeg    . . .      Spirit   .   b - +0 leather armour
rPois   .          Reflect  .   (helmet restricted)
rElec   .          Harm     .   (no cloak)
rCorr   .          Rampage  .   (no gloves)
Will    .....                   (boots unavailable)
Stlth   +++.......              (no amulet)
HPRegen 0.11/turn               k - ring of wizardry
MPRegen 0.10/turn               r - +6 ring of dexterity

@: flying quickly and evasively, quick
A: beak, talons 3, nimble flight
a: no special abilities


You were on level 3 of the Dungeon.
You visited 1 branch of the dungeon, and saw 5 of its levels.

You collected 91 gold pieces.

Inventory:

Hand Weapons
 a - a +0 falchion (weapon)
Missiles
 q - 14 poisoned darts (quivered)
Armour
 b - a +0 leather armour (worn)
 v - a +0 plate armour
Jewellery
 k - a ring of wizardry (left hand)
 r - a +6 ring of dexterity (right hand)
Wands
 g - a wand of digging (3)
 n - a wand of charming (9)
Scrolls
 c - a scroll of fog
 d - a scroll of magic mapping
 e - a scroll of fear
 i - a scroll of immolation {unknown}
 l - 3 scrolls of identify {unknown}
 o - a scroll of noise {unknown}
 s - a scroll of enchant armour {unknown}
 t - 2 scrolls of teleportation {unknown}
 u - a scroll of vulnerability {unknown}
Potions
 f - a potion of haste
 h - a potion of mutation {unknown}
 j - 2 potions of brilliance {unknown}
 m - 2 potions of lignification {unknown}
 p - a potion of might {unknown}


   Skills:
 + Level 4.2 Fighting
 * Level 4.9 Long Blades
 - Level 3.0 Dodging
 - Level 5.3 Stealth


You had 4 spell levels left.
You didn't know any spells.
Your spell library contained the following spells:

 Spells                   Type           Power      Damage    Failure   Level
 Blink                    Tloc           N/A        N/A       26%         2
 Lesser Beckoning         Tloc           0%         N/A       45%         3
 Manifold Assault         Tloc           0%         N/A       99%         5


Dungeon Overview and Level Annotations

Branches:
Dungeon (5/15)
 Temple: D:4-7

Altars:


Innate Abilities, Weirdness & Mutations

You have a beak for a mouth.
You have claws for feet.
Your magical nature lets you fly swiftly and evasively.


Message History

a +0 short sword; a stone; a kobold corpse A rat comes into view.
A bat comes into view.
The helpless rat fails to defend itself.
You hit the rat.
You kill the rat!
The helpless bat fails to defend itself.
You slash the bat!
You kill the bat!
No target in view!
No target in view!
No target in view!
No target in view!
An adder is nearby!
An adder is nearby!
No target in view!
No target in view!
No target in view!
No target in view!
No target in view!
An adder is nearby!
No target in view!
No target in view!
No target in view!
No target in view!
An adder is nearby!
The adder hisses angrily.
The adder misses you.
You hit the adder but do no damage. You claw the adder. You peck the adder.
The adder is severely wounded.
The adder closely misses you.
You closely miss the adder. You claw the adder.
You kill the adder!
No target in view!
No target in view!
No target in view!
No target in view!
No target in view!
u - a scroll labelled XUT ZUSYAGAAR You see here an adder corpse.
You now have 91 gold pieces (gained 12).
You see here a +0 leather armour.
You see here a rat skeleton.
Done exploring.
Done exploring.
Done exploring.
Search for what [Enter for "."]? .
You see here a +0 plate armour.
v - a +0 plate armour Search for what [Enter for "."]? .
Unknown command.
Unknown command.
Unknown command.
There is a stone staircase leading down here.
You fly downwards.
There is a stone staircase leading up here.
t - 2 scrolls labelled VACKAU TOULUI (gained 1)
A white imp comes into view.
Found 9 gold pieces.
The white imp shouts!
The white imp completely misses you.
You barely miss the white imp. The white imp completely misses you.
You hit the white imp but do no damage. Your kick misses the white imp.
The white imp barely misses you.
You barely miss the white imp. Your kick misses the white imp.
You peck the white imp, but do no damage.
The white imp gestures at you. The puff of frost hits you!
You take 7 damage, and have 26/33 hp.
MASSIVE DAMAGE!!
You closely miss the white imp. The white imp gestures at you.
The puff of frost hits you!
You take 9 damage, and have 17/33 hp.
MASSIVE DAMAGE!!
You barely miss the white imp.
You claw the white imp, but do no damage.
You peck the white imp, but do no damage.
The white imp barely misses you.
You barely miss the white imp.
The white imp shouts, "Back with thee, thou dissembling limp-willed malt-worm!"
The white imp gestures at you. The puff of frost hits you.
You take 5 damage, and have 12/33 hp.
You are too injured to fight recklessly!
You are too injured to fight recklessly!
You are too injured to fight recklessly!
You are too injured to fight recklessly!
You are too injured to fight recklessly!
You are too injured to fight recklessly!
You are too injured to fight recklessly!
You hit the white imp. You claw the white imp. You peck the white imp.
The white imp is severely wounded.
The white imp gestures at you. The puff of frost hits you.
* * * LOW HITPOINT WARNING * * *
You take 5 damage, and have 7/33 hp.
You hit the white imp. Your kick misses the white imp.
The white imp is severely wounded.
The white imp gestures at you. The puff of frost hits you!
You die...

### ..# #.# ...
#.# #.# #5###
#.####@#.####
#...........#
....###.###..#
##
#..#.##.######
.....#........#
###.##.##.####.#
## ###..#
#####.#.#.####
#............#


You could see a white imp.

Vanquished Creatures
  An ogre (D:2)
  A hound (D:4)
  A hound skeleton (D:4)
  3 adders (D:2)
  2 dart slugs (D:1)
  5 ball pythons
  7 bats
  6 endoplasms
  4 giant cockroaches
  3 goblins
  4 hobgoblins
  7 jackals
  8 kobolds
  A frilled lizard (D:1)
  10 rats
63 creatures vanquished.

Notes
Turn   | Place    | Note
-------+----------+-------------------------------------------
     0 | D:5      | SkeletonJelly the Tengu Delver began the quest for the Orb.
     0 | D:5      | Reached XP level 1. HP: 14/14 MP: 2/2
    17 | D:4      | Reached XP level 2. HP: 15/19 MP: 3/3
    34 | D:4      | Reached XP level 3. HP: 4/23 MP: 4/4
   447 | D:2      | Noticed an ogre
   492 | D:2      | Reached XP level 4. HP: 13/28 MP: 5/5
  1912 | D:2      | Gained mutation: Your magical nature lets you fly swiftly
                  | and evasively. [Tengu growth]
  1912 | D:2      | Reached XP level 5. HP: 33/33 MP: 6/6
  2040 | D:2      | Killed an ogre
  2463 | D:3      | Killed from afar by a white imp

Illustrated notes

Levels and vault maps discovered:
D:1:      wander_arrival_estate, layout_basic
D:2:      layout_basic, palyth_stone_intersect
D:3:      layout_loops_ring, basic_ecumenical_altar
D:4:      layout_basic
D:5:      layout_cave_pools, mainiacjoe_overflow_chevrons,
          minmay_temple_entry_glassed_door, minmay_misc_feat_pillars

Skill      XL: |  1  2  3  4  5 |
---------------+----------------+-----
Long Blades    | 3 4 |  4.9
Dodging        | 3 |  3.0
Fighting       | 4 |  4.2
Stealth        | |  5.3

Action                   |  1- 3 |  4- 6 || total
-------------------------+-------+-------++-------
Melee: Falchion          |    34 |   106 ||   140
       Kick              |    10 |    26 ||    36
       Peck              |     5 |    16 ||    21
Throw: Dart              |       |     6 ||     6
 Stab: Sleeping          |     3 |    15 ||    18
Armor: Leather armour    |     6 |    30 ||    36
Dodge: Dodged            |    22 |    74 ||    96

Table legend: (Time is in decaauts)
 A = Elapsed time spent in this place.
 B = Non-inter-level travel time spent in this place.
 C = Inter-level travel time spent in this place.
 D = Time resting spent in this place.
 E = Time spent auto-exploring this place.
 F = Levels seen in this place.
 G = Mean time per level.
                   A        B        C        D        E       F      G
               +--------+--------+--------+--------+--------+-----+--------+
         Total |   2429 |   2361 |     68 |      0 |   1828 |   5 |  485.8 |
       Dungeon |   2429 |   2361 |     68 |      0 |   1828 |   5 |  485.8 |
               +--------+--------+--------+--------+--------+-----+--------+

Top non-repeatable levels by time:
     D:2: 1098 daAuts
     D:1: 852 daAuts
     D:4: 378 daAuts
     D:3: 90 daAuts
     D:5: 10 daAuts
